 Dungeon Crawl Stone Soup version 0.31-a0-1603-gbec6b6ccbf (console) character file.

Game seed: 5222617635711876970

98714 petzl the Destroyer (level 16, -15/97 (117) HPs)
             Began as a Formicid Delver on Jan 8, 2024.
             Was a High Priest of Vehumet.
             Killed from afar by Nikola (106 damage)
             ... with an arc of chain lightning
             ... on level 3 of the Lair of Beasts.
             The game lasted 02:55:49 (31926 turns).

petzl the Destroyer (Formicid Delver)              Turns: 31926, Time: 02:55:49

HP:   -15/97 (117)  AC: 14    Str: 18    XL:     16   Next: 74%
MP:   35/40         EV: 13    Int: 17    God:    Vehumet [*****.]
Gold: 1405          SH:  8    Dex: 12    Spells: 24/38 levels left

rFire   + . .        d - +6 war axe {protect, +Blink rF+ MP+9, !f =f}
rCold   . . .        Z - +2 buckler
rNeg    . . .        e - +0 steam dragon scales
rPois   .            (helmet unavailable)
rElec   .            D - scarf {+Inv}
rCorr   +            p - +2 pair of gloves {Stlth+}
SInv    +            N - +2 pair of boots {Stlth+}
Will    +....        C - amulet of the acrobat
Stlth   +++++        V - ring of Utsaakec {Wiz Fly rCorr Dex-3}
HPRegen 0.36/turn    t - +4 ring of protection
MPRegen 0.27/turn

%: acrobat, wizardry (x1)
@: flying, very slightly contaminated, heavily drained, invisible
A: permanent stasis, dig shafts and tunnels, antennae 3, four strong arms,
deformed body
a: Dig, Shaft Self, Renounce Religion, Evoke Invisibility


You were on level 3 of the Lair of Beasts.
You worshipped Vehumet.
Vehumet was extremely pleased with you.
You visited 5 branches of the dungeon, and saw 24 of its levels.
You visited 1 bazaar.
You also visited: Ice Cave and Volcano.

You collected 2866 gold pieces.
You spent 1461 gold pieces at shops.

Inventory:

Hand Weapons
 a - a +3 shortbow
 b - the +4 quarterstaff of the End {freeze, Stlth+}
   (You found it on level 3 of the Dungeon)

   Stlth+:    It makes you more stealthy.
 d - the +6 war axe of Peace (weapon) {protect, +Blink rF+ MP+9, !f =f}
   (You bought it in a shop in a bazaar)

   rF+:       It protects you from fire.
   MP+9:      It affects your magic capacity (+9).
   +Blink:    It lets you blink.
 m - the +5 Lochaber axe {reach-cleave, Poleaxe ^Drain, !f =f}
   (You took it off a deep elf pyromancer on level 11 of the Dungeon)

   Poleaxe:   It uses either Axes or Polearms skill, whichever is higher.
   ^Drain:    It drains your maximum health when unequipped.
 r - the +8 morningstar of Doom {heavy, rElec}
   (You found it on level 2 of the Lair of Beasts)

   rElec:     It insulates you from electricity.
 v - a +0 scimitar of flaming
 A - a +1 hand cannon of freezing
Missiles
 g - 8 javelins (quivered)
 k - 64 poisoned darts
 F - a curare-tipped dart
 M - 4 throwing nets
Armour
 e - +0 steam dragon scales (worn)
 i - a +0 ring mail of poison resistance
 n - a scarf of resistance
 p - a +2 pair of gloves of stealth (worn)
 D - a scarf of invisibility (worn)
 N - a +2 pair of boots of stealth (worn)
 Z - a +2 buckler (worn)
Jewellery
 t - a +4 ring of protection (right hand)
 C - an amulet of the acrobat (around neck)
 S - a +6 ring of dexterity
 V - the ring of Utsaakec (left hand) {Wiz Fly rCorr Dex-3}
   (You found it on level 5 of the Lair of Beasts)

   [ring of wizardry]

   Wiz:       It improves your spell success rate.
   Dex-3:     It affects your dexterity (-3).
   Fly:       It grants you flight.
   rCorr:     It protects you from acid and corrosion.
Wands
 f - a wand of digging (4)
 o - a wand of charming (14)
 x - a wand of iceblast (24)
 B - a wand of polymorph (17)
Scrolls
 l - a scroll of enchant armour
 y - 3 scrolls of fog
 E - 2 scrolls of poison
Potions
 c - a potion of magic {unknown}
 h - 2 potions of might
 j - 5 potions of lignification
 q - 8 potions of ambrosia
 s - 5 potions of curing
 u - 3 potions of brilliance
 w - a potion of cancellation {unknown}
 z - 3 potions of heal wounds
 O - 2 potions of resistance
 Q - a potion of invisibility
Miscellaneous
 W - a phantom mirror


   Skills:
 + Level 8.0 Fighting
 - Level 7.7(8.0) Maces & Flails
 - Level 2.6(5.5) Staves
 - Level 4.0 Ranged Weapons
 - Level 6.0 Armour
 - Level 5.0 Dodging
 - Level 6.0 Stealth
 + Level 9.1 Shields
 + Level 11.7 Spellcasting
 - Level 12.0 Conjurations
 + Level 9.8 Fire Magic
 - Level 8.0 Ice Magic
 * Level 7.3 Air Magic
 - Level 5.3 Alchemy
 + Level 9.0 Evocations


You had 24 spell levels left.
You knew the following spells:

 Your Spells              Type           Power      Damage    Failure   Level
l - Freezing Cloud        Conj/Ice/Air   20%        6-21      1%          5
m - Mephitic Cloud        Conj/Alch/Air  37%        N/A       1%          3
s - Plasma Beam           Fire/Air       19%        2x1d31    4%          6

Your spell library contained the following spells:

 Spells                   Type           Power      Damage    Failure   Level
 Starburst                Conj/Fire      23%        6d8       1%          6
 Freeze                   Ice            100%       1d10      1%          1
 Kiss of Death            Conj/Necr      100%       2d13      1%          1
 Cigotuvi's Dreadful Rot  Necr/Alch/Air  48%        N/A       1%          2
 Ensorcelled Hibernation  Hex/Ice        46%        N/A       1%          2
 Mercury Vapours          Alch/Air       62%        N/A       1%          2
 Frozen Ramparts          Ice            74%        1d12      1%          3
 Hailstorm                Conj/Ice       43%        3d9       1%          3
 Inner Flame              Hex/Fire       26%        N/A       1%          3
 Summon Ice Beast         Ice/Summ       23%        N/A       1%          3
 Volatile Blastmotes      Fire/Tloc      52%        2d14      1%          3
 Brom's Barrelling Bould  Conj/Erth      30%        2d5       1%          4
 Arcjolt                  Conj/Air       21%        1d31      1%          5
 Necrotise                Necr           36%        1d5       3%          1
 Slow                     Hex            36%        N/A       3%          1
 Summon Blazeheart Golem  Fire/Summ      26%        N/A       4%          4
 Yara's Violent Unravell  Hex/Alch       9%         3d6       8%          5
 Confusing Touch          Hex            9%         N/A       11%         3
 Fugue of the Fallen      Necr           9%         N/A       11%         3
 Gell's Gravitas          Tloc           9%         N/A       11%         3
 Teleport Other           Tloc           9%         N/A       11%         3
 Tukima's Dance           Hex            9%         N/A       11%         3
 Vampiric Draining        Necr           9%         2d6       11%         3
 Eringya's Noxious Bog    Alch           14%        4d6       14%         6
 Metabolic Englaciation   Hex/Ice        11%        N/A       17%         5
 Lee's Rapid Deconstruct  Erth           4%         3d5*      22%         5
 Anguish                  Hex/Necr       4%         N/A       32%         4
 Dispel Undead            Necr           9%         3d8       32%         4
 Manifold Assault         Tloc           9%         N/A       32%         4
 Martyr's Knell           Necr/Summ      9%         N/A       32%         4
 Sculpt Simulacrum        Ice/Alch       16%        N/A       32%         6
 Borgnjor's Vile Clutch   Necr/Erth      4%         N/A       65%         5
 Curse of Agony           Necr           9%         N/A       65%         5
 Summon Forest            Summ/Tloc      4%         N/A       65%         5
 Summon Mana Viper        Hex/Summ       9%         N/A       65%         5
 Death Channel            Necr           4%         N/A       99%         6
 Dispersal                Tloc           4%         N/A       99%         6
 Summon Hydra             Summ           4%         N/A       100%        7
 Disjunction              Tloc           4%         N/A       100%        8
 Blink                    Tloc           Unusable   N/A       N/A         2
 Vhi's Electric Charge    Tloc/Air       Unusable   N/A       N/A         4

Dungeon Overview and Level Annotations

Branches:
Dungeon (15/15)            Temple (1/1) D:7            Lair (5/5) D:10
 Shoals (1/4) Lair:3       Spider (0/4) Lair:3        Slime (0/5) Lair:5
    Orc (2/2) D:11            Elf (0/3) Orc:2        Depths (0/4) D:15
  IceCv (visited)         Volcano (visited)
 Vaults: D:13-14

Altars:
Ashenzari
Cheibriados
Dithmenos
Elyvilon
Fedhas
Gozag
Hepliaklqana
Kikubaaqudgha
Makhleb
Nemelex Xobeh
Okawaru
Qazlal
Ru
Sif Muna
Trog
Uskayaw
Vehumet
Wu Jian
Xom
Yredelemnul
Zin
The Shining One
Jiyva

Shops:
D:11 [   D:14 [   Orc:2 :((!=

Portals:
Trove: D:12 (give 2 scrolls of acquirement)

Annotations:
D:1 2 transporters
D:2 exclusion: downstairs
D:8 2 transporters, exclusion: 2 downstairs, justen's ghost, novice OpSh
D:9 exclusion: downstairs
D:13 Urug
D:14 exclusions: sensed monster (detected) and upstairs
D:15 exclusion: yaktaur
Lair:3 Nikola


Innate Abilities, Weirdness & Mutations

You cannot be hasted, slowed, berserked, paralysed or teleported.
You can dig through walls and to a lower floor.
You have a pair of large antennae on your head. (SInv)
Your four strong arms can wield two-handed weapons with a shield.
Armour fits poorly on your strangely shaped body.


Message History

Unknown command.
You feel drained.
You fade into invisibility!
You are very lightly contaminated with residual magic.
Unknown command.
You fly downwards.
Welcome back to the Shoals!
This branch is noisy: sounds don't travel as far here.
This branch contains the barnacled rune of Zot.
Level annotation: Nikola
There is a staircase back to the Lair here.
Press: ? - help, v - describe, . - travel
Here: an apocalypse crab Some shallow water.
Unknown command.
Unknown command.
Unknown command.
Casting: Plasma Beam (dangerous; 4% risk of failure)
Confirm with . or Enter, or press ? or * to list all spells.
Casting: Plasma Beam (dangerous; 4% risk of failure)
Press: ? - help, Dir - look around, f - activate You miscast Plasma Beam.
Nothing appears to happen.
The manticore flicks its tail.
The volley of spikes skewers Nikola!
The apocalypse crab bites you! The apocalypse crab barely misses you.
You block the apocalypse crab's attack. x2
You fly upwards.
Welcome back to the Lair of Beasts!
There is a staircase to the Shoals here.
Nikola mumbles, "Hm, I wonder if you're conductive."
Nikola misses you.
The apocalypse crab attacks as it pursues you!
The apocalypse crab closely misses you.
The apocalypse crab completely misses you.
Are you sure you want to shaft yourself?
You block Nikola's attack. The apocalypse crab misses you.
You block the apocalypse crab's attack.
You begin to dig a shaft.
You continue digging a shaft.
Nikola gestures wildly while chanting.
Lightning arcs from Nikola's hands!
The bolt of lightning hits you!!!!
Ouch! That really hurt!
You die...

######+.P# ##.#.'######.#.......#
#.####..### ####..### ###.#.+.P##
##....#+#.# ### ##.#.# ##...###
####........# #≈#####.#.## ##..######
....'......####§≈.#§..#..####...#..#.##
#.#.#......#.≈.....§.......#..........##
#####......'.#.....§...................#
# ##P......##≈..##§≈≈#≈.####...........#
# #........P##..#######.# #.......>...##
##.>.....###..####§§### ##....<......#
##.#+.####≈.....?§## #............#
###..#####......(≈# ###..#..######
##.#...##########≈# ###.....##
##.###...# ## ###...># #........## ####
### #.#....## ##.........#####..###~#
##.......# #P..........##...~~~~~#
#.>......## ##...........#..~~~~~~#
###.........#
#..............~#@#~.####..#........#
##.............~~@t†~.......+........#
#...<......#....~#.#~~#.P####.......##
#..........##..~~~~~~...## ######.##
#..........####~~~.....## ###
##.##.#....# #####.#### ####.###### ###
###


You could see Nikola (skewered) and an apocalypse crab.

Vanquished Creatures
  A frost giant (IceCv)
  A deep elf sorcerer (D:11)
  A deep elf annihilator (D:11)
  Josephine (Lair:3)
  Fannar (Lair:3)
  4 hydras
  Erolcha (Orc:1)
  A catoblepas (Lair:4)
  A boulder beetle (Lair:2)
  A two-headed ogre (D:11)
  3 ogre magi
  A dancing weapon (Volcano)
  7 death yaks
  An orc high priest (Orc:2)
  Sonja (D:10)
  4 occultists
  Amaemon (D:10)
  4 skysharks
  A sea snake (Lair:3)
  A harpy (Lair:3)
  10 orc sorcerers
  3 lindwurms (Lair:3)
  2 orc knights (Orc:2)
  A deep elf zephyrmancer (D:11)
  2 manticores
  An ugly thing (IceCv)
  7 deep elf pyromancers
  A molten gargoyle (Lair:4)
  6 black mambas
  5 toenail golems (Volcano)
  13 elephants
  An ice statue (IceCv)
  An orange demon (D:10)
  18 cane toads
  4 kobold blastminers
  4 torpor snails
  Maggie (D:10)
  3 unseen horrors
  10 rime drakes
  16 komodo dragons
  An efreet (D:13)
  4 tengu conjurers
  6 kobold demonologists (D:11)
  A queen bee (Orc:1)
  9 polar bears
  A troll (D:11)
  4 hornets (Lair:5)
  A wind drake (Lair:3)
  12 blink frogs
  11 dream sheep
  A shadow (D:10)
  79 yaks
  5 wraiths
  11 spriggans (Lair:5)
  4 wyverns
  2 vampires
  5 basilisks
  5 humans (Volcano)
  3 steam dragons
  3 vampire mosquitoes
  2 acid dragons
  14 water moccasins
  2 ice beasts
  14 orc warriors
  A sky beast (D:7)
  7 black bears
  3 boggarts (Lair:5)
  11 ogres
  34 wolves
  10 centaurs
  5 kobold brigands
  15 bullfrogs
  6 scorpions
  14 wights
  27 killer bees
  7 howler monkeys
  A lava snake (Lair:4)
  2 bombardier beetles
  2 hounds
  10 jellies
  4 gnoll boudas (D:10)
  11 orc priests
  A sleepcap (D:5)
  3 iguanas
  Ijyb (D:3)
  32 orc wizards
  Robin (D:3)
  9 gnolls (D:10)
  3 adders
  A shadow imp (D:7)
  13 white imps
  2 ufetubi (D:6)
  4 dart slugs
  4 ribbon worms
  61 orcs
  20 endoplasms
  7 giant cockroaches
  7 goblins
  6 hobgoblins
  2 jackals (D:3)
  5 quokkas
  5 ball pythons
  4 bats
  2 frilled lizards
  23 kobolds
  6 rats
738 creatures vanquished.

Vanquished Creatures (others)
  A human (D:13)
1 creature vanquished.

Grand Total: 739 creatures vanquished

Notes
Turn   | Place    | Note
-------+----------+-------------------------------------------
     0 | D:5      | petzl the Formicid Delver began the quest for the Orb.
     0 | D:5      | Reached XP level 1. HP: 18/18 MP: 1/1
    18 | D:5      | Noticed a scorpion
    32 | D:5      | Noticed a bombardier beetle
    87 | D:3      | Noticed Ijyb
    87 | D:3      | Noticed Robin
   231 | D:1      | Reached skill level 1 in Spellcasting
   294 | D:1      | Reached XP level 2. HP: 24/24 MP: 2/4
   614 | D:1      | Found a transporter.
   653 | D:1      | Reached XP level 3. HP: 29/29 MP: 6/6
   670 | D:1      | Found a transporter.
  1374 | D:2      | Reached XP level 4. HP: 22/35 MP: 8/8
  1452 | D:2      | Found a shadowy altar of Dithmenos.
  1452 | D:2      | Found a basalt altar of Yredelemnul.
  1452 | D:2      | Found a bloodstained altar of Trog.
  1452 | D:2      | Found a bloodstained altar of Trog.
  1452 | D:2      | Found a snail-covered altar of Cheibriados.
  1452 | D:2      | Found a bloodstained altar of Trog.
  1478 | D:2      | HP: 1/35 [acid (8)]
  1561 | D:2      | Reached XP level 5. HP: 32/41 MP: 8/10
  2291 | D:3      | Killed Ijyb
  2376 | D:3      | Killed Robin
  2377 | D:3      | Reached XP level 6. HP: 35/47 MP: 11/11
  2497 | D:3      | Identified the +4 quarterstaff of the End {freeze, Stlth+}
  2780 | D:4      | Found an iron altar of Okawaru.
  2780 | D:4      | Found an opulent altar of Gozag.
  3055 | D:4      | Found a bloodstained altar of Trog.
  3683 | D:4      | Reached skill level 1 in Staves
  3687 | D:4      | Reached skill level 1 in Ranged Weapons
  3938 | D:5      | Reached XP level 7. HP: 38/52 MP: 13/13
  4419 | D:4      | You fall into a shaft and drop 3 floors!
  4649 | D:5      | Reached skill level 5 in Spellcasting
  4649 | D:5      | Reached skill level 1 in Evocations
  4649 | D:5      | Reached XP level 8. HP: 49/58 MP: 15/15
  5107 | D:6      | Learned a level 5 spell: Freezing Cloud
  5111 | D:6      | Learned a level 3 spell: Mephitic Cloud
  5155 | D:6      | Found a glowing golden altar of the Shining One.
  5197 | D:6      | Reached skill level 1 in Ice Magic
  5224 | D:6      | Reached skill level 1 in Conjurations
  5224 | D:6      | Reached skill level 1 in Alchemy
  5315 | D:6      | Reached skill level 5 in Dodging
  5315 | D:6      | Reached skill level 1 in Air Magic
  5635 | D:6      | Reached XP level 9. HP: 62/64 MP: 17/17
  5910 | D:7      | Found a snail-covered altar of Cheibriados.
  5949 | D:7      | Reached skill level 2 in Conjurations
  5993 | D:7      | Identified a scroll of acquirement
  5994 | D:7      | Acquired 687 gold pieces
  6124 | D:7      | Found a staircase to the Ecumenical Temple.
  7311 | D:7      | Reached skill level 3 in Conjurations
  7544 | D:8      | Noticed a two-headed ogre
  7550 | D:8      | Found a transporter.
  7772 | Temple   | Entered the Ecumenical Temple
  7941 | Temple   | Became a worshipper of Vehumet
  8258 | D:7      | Reached XP level 10. HP: 51/70 MP: 10/19
  8275 | D:7      | Reached skill level 4 in Conjurations
  8461 | D:8      | Noticed justen's ghost (novice OpSh)
  9054 | D:8      | Reached skill level 5 in Ice Magic
  9258 | D:8      | Found a transporter.
  9413 | D:9      | Reached skill level 5 in Conjurations
  9463 | D:9      | Reached skill level 5 in Alchemy
  9965 | D:10     | Entered Level 10 of the Dungeon
  9965 | D:10     | Noticed Sonja
 10763 | D:9      | Reached * piety under Vehumet
 10763 | D:9      | Offered knowledge of Sting by Vehumet.
 11334 | D:10     | Reached skill level 1 in Armour
 11390 | D:10     | Killed Sonja
 11391 | D:10     | Reached skill level 5 in Air Magic
 11391 | D:10     | Reached XP level 11. HP: 63/76 MP: 15/21
 11487 | D:10     | You fall into a shaft and drop 1 floor!
 11814 | D:11     | Found a radiant altar of Vehumet.
 12021 | D:11     | Noticed a deep elf pyromancer
 12026 | D:11     | Killed a deep elf pyromancer
 12027 | D:11     | Reached skill level 6 in Conjurations
 12052 | D:11     | Noticed a deep elf pyromancer
 12084 | D:11     | Killed a deep elf pyromancer
 12337 | D:11     | You fall into a shaft and drop 2 floors!
 12348 | D:13     | Noticed a deep elf pyromancer
 12356 | D:13     | Noticed a deep elf pyromancer
 12359 | D:13     | You fall into a shaft and drop 1 floor!
 12562 | D:14     | Noticed a manticore
 12570 | D:14     | Killed a manticore
 12669 | D:15     | Entered Level 15 of the Dungeon
 12683 | D:15     | Found a flickering gateway to a bazaar.
 12689 | Bazaar   | Entered a bazaar
 12689 | Bazaar   | Found Roelukur's Assorted Antiques.
 12689 | Bazaar   | Found Yvipoita's Antique Weapon Shop.
 12689 | Bazaar   | Found Qafyerph's Weapon Boutique.
 12689 | Bazaar   | Found Parphoun's Jewellery Boutique.
 12703 | Bazaar   | Bought a clear potion for 23 gold pieces
 12703 | Bazaar   | Bought a scroll labelled XIYRIG LACA for 26 gold pieces
 12707 | Bazaar   | Bought a shimmering war axe for 161 gold pieces
 12707 | Bazaar   | Identified the +6 war axe of Peace {protect, +Blink rF+
                  | MP+9} (You bought it in a shop in a bazaar)
 12707 | Bazaar   | Bought a warped war axe for 161 gold pieces
 12707 | Bazaar   | Identified the +5 war axe "Husheoxte" {pain, rPois rC-
                  | Str+6} (You bought it in a shop in a bazaar)
 12715 | Bazaar   | Bought a faintly humming scale mail for 234 gold pieces
 12715 | Bazaar   | Identified the +1 scale mail of Afiej {Str+3 Int+2} (You
                  | bought it in a shop in a bazaar)
 12819 | D:13     | Noticed a centaur warrior
 12821 | D:13     | Noticed Urug
 12965 | D:14     | Found Heeklov's Armour Shop.
 12972 | D:14     | Bought a +1 pair of boots of stealth for 247 gold pieces
 13433 | D:13     | Killed a deep elf pyromancer
 13663 | D:12     | Offered knowledge of Shock by Vehumet.
 13714 | D:12     | Found a portal to a secret trove of treasure.
 13799 | D:11     | Reached ** piety under Vehumet
 13832 | D:11     | Reached XP level 12. HP: 76/84 MP: 19/23
 13988 | D:10     | Reached skill level 5 in Fighting
 14028 | D:10     | Reached skill level 7 in Conjurations
 14078 | D:10     | Found a sacrificial altar of Ru.
 14184 | D:10     | Found a hide-covered altar of Uskayaw.
 14289 | D:10     | Noticed Maggie
 14293 | D:10     | Killed Maggie
 14360 | D:10     | Found a staircase to the Lair.
 14369 | Lair:1   | Entered Level 1 of the Lair of Beasts
 14508 | Lair:1   | Reached skill level 5 in Evocations
 15078 | Lair:1   | Offered knowledge of Volatile Blastmotes by Vehumet.
 15708 | Lair:2   | Noticed a six-headed hydra
 15741 | Lair:2   | Reached skill level 8 in Conjurations
 15741 | Lair:2   | Noticed a boulder beetle
 15963 | Lair:2   | Reached skill level 5 in Armour
 16033 | Lair:2   | Found a dark tunnel.
 16086 | Volcano  | Entered a volcano
 16226 | Volcano  | Noticed a +1 mace of flaming
 16226 | Volcano  | Noticed an occultist
 16265 | Volcano  | Noticed a sixfirhy
 16309 | Volcano  | Reached XP level 13. HP: 71/93 MP: 19/25
 16396 | Volcano  | Reached *** piety under Vehumet
 16547 | Volcano  | Reached skill level 9 in Conjurations
 16803 | Lair:2   | Killed a six-headed hydra
 16963 | Lair:2   | Identified the +8 morningstar of Doom {heavy, rElec}
 17083 | Lair:3   | Got the Guidebook on the Planar Torch
 17337 | Lair:2   | Offered knowledge of Ignite Poison by Vehumet.
 17441 | Lair:2   | Reached skill level 10 in Conjurations
 17449 | Lair:2   | Reached **** piety under Vehumet
 17543 | Lair:2   | Noticed a four-headed hydra
 17554 | Lair:2   | Killed a four-headed hydra
 18094 | Lair:3   | Offered knowledge of Sticky Flame by Vehumet.
 18105 | Lair:3   | Reached XP level 14. HP: 93/104 MP: 15/27
 18418 | Lair:3   | Noticed Josephine
 18424 | Lair:3   | Killed Josephine
 18593 | Lair:3   | Noticed Fannar
 18627 | Lair:3   | Found a hole to the Spider Nest.
 18983 | Lair:3   | Reached ***** piety under Vehumet
 19017 | Lair:3   | Reached skill level 10 in Spellcasting
 19063 | Lair:3   | Found a staircase to the Shoals.
 19073 | Shoals:1 | Entered Level 1 of the Shoals
 19073 | Shoals:1 | Noticed Nikola
 19131 | Lair:3   | Reached skill level 11 in Conjurations
 19616 | Lair:4   | Offered knowledge of Lee's Rapid Deconstruction by Vehumet.
 19617 | Lair:4   | Reached skill level 5 in Maces & Flails
 20540 | Lair:4   | Found an opulent altar of Gozag.
 20766 | Lair:5   | Entered Level 5 of the Lair of Beasts
 21183 | Lair:5   | Reached skill level 12 in Conjurations
 21332 | Lair:5   | Reached XP level 15. HP: 110/110 MP: 17/29
 21467 | Lair:5   | Found a viscous altar of Jiyva.
 21468 | Lair:5   | Found a staircase to the Slime Pits.
 21719 | Lair:5   | Learned a level 6 spell: Plasma Beam
 21730 | Lair:5   | Offered knowledge of Airstrike by Vehumet.
 21731 | Lair:5   | Reached skill level 1 in Fire Magic
 22523 | Lair:5   | Reached skill level 1 in Shields
 22600 | Lair:5   | Reached skill level 5 in Fire Magic
 22650 | Lair:5   | Identified the ring of Utsaakec {Wiz Fly rCorr Dex-3}
 23336 | Lair:3   | Killed Fannar
 23550 | D:10     | Noticed Amaemon
 23564 | D:10     | Killed Amaemon
 23572 | D:10     | Reached skill level 5 in Shields
 24930 | D:11     | Found a shimmering blue altar of Sif Muna.
 25600 | D:11     | Noticed a deep elf sorcerer
 25613 | D:11     | Killed a deep elf sorcerer
 25617 | D:11     | Reached XP level 16. HP: 38/117 MP: 21/31
 25843 | D:11     | Got the Textbook on Jinxing
 25845 | D:11     | Got the Codex of Displaced Guile
 25864 | D:11     | Got the Almanac of the Baleful Serac
 25897 | D:11     | Got the Elucidation of Non-Euclidean Earth
 25949 | D:11     | Found a staircase to the Orcish Mines.
 25952 | D:11     | Offered knowledge of Conjure Ball Lightning by Vehumet.
 25997 | D:11     | Found Ofuts's Armour Shoppe.
 26017 | D:11     | Bought a +2 pair of gloves of stealth for 279 gold pieces
 26060 | Orc:1    | Entered Level 1 of the Orcish Mines
 26068 | Orc:1    | Noticed Erolcha
 26073 | Orc:1    | Killed Erolcha
 27048 | Orc:2    | Entered Level 2 of the Orcish Mines
 27322 | Orc:2    | Found a staircase to the Elven Halls.
 27451 | Orc:2    | Offered knowledge of Starburst by Vehumet.
 27453 | Orc:2    | Found a frozen archway.
 27463 | IceCv    | Entered an ice cave
 28948 | IceCv    | Noticed a frost giant
 29174 | IceCv    | Killed a frost giant
 30050 | Orc:2    | Found Rubous's Self-Improvement Boutique.
 30573 | Orc:2    | Found Zuyr's Jewellery Shoppe.
 30671 | Orc:2    | Found an ancient bone altar of Kikubaaqudgha.
 30690 | Orc:2    | Gained mutation: Armour fits poorly on your strangely
                  | shaped body. [a neqoxec]
 30830 | Orc:2    | Found Kiun's Antique Weapon Emporium.
 31421 | Orc:2    | Found a radiant altar of Vehumet.
 31463 | Orc:2    | Found Iduel's Distillery.
 31470 | Orc:2    | Found Luxt's Antique Weapon Shoppe.
 31519 | Orc:2    | Bought an amulet of the acrobat for 330 gold pieces
 31926 | Lair:3   | Killed from afar by Nikola

Illustrated notes

Levels and vault maps discovered:
D:1:      spicycebolla_arrival_transporter_tutorial, layout_basic,
          dk_noncrumbling_3, serial_bayou_lagoon_b
D:2:      cheibrodos_fertilizer, layout_basic
D:3:      layout_rooms, hangedman_decor_push, nicolae_goblin_pals, uniq_ijyb
D:4:      layout_basic, mainiacjoe_overflow_chevrons,
          mainiacjoe_overflow_large_starburst
D:5:      layout_gridville, uniq_edmund
D:6:      layout_basic, tso_metal_star, roderic_filled_cross
D:7:      layout_loops_corners, kennysheep_little_box,
          minmay_temple_entry_overgrown, feat_on_display
D:8:      layout_rooms, nzn_ghost_randoct
D:9:      layout_layer_cave, minmay_fractal_squares_gapless_5
D:10:     kennysheep_seaside_town, layout_basic,
          nicolae_ru_sacrificial_ziggurat, nicolae_uskayaw_dance_studio,
          lair_entry_dummy, nicolae_the_louvre, uniq_sonja, uniq_amaemon,
          uniq_maggie
D:11:     evilmike_library_of_no_secrets, layout_basic, orc_david_3,
          nicolae_vehumet_altar_sigil
D:12:     minmay_ice_pillars, layout_long_grid, serial_rivers,
          chequers_serial_rivers_small_3, chequers_serial_rivers_marsh,
          chequers_serial_rivers_small_a, chequers_serial_rivers_micro_c,
          chequers_serial_rivers_room_a, chequers_serial_rivers_marsh,
          nicolae_trove_entry_isolated, uniq_snorg
D:13:     layout_cave_pods, ximxim_vaults_locker_room,
          onia_ninara_dug_in_and_dangerous, uniq_urug
D:14:     nicolae_hitomezashi [nicolae_hito_row, nicolae_hito_row,
          nicolae_hito_row, nicolae_hito_row, nicolae_hito_row,
          nicolae_hito_row, nicolae_hito_row, nicolae_hito_row,
          nicolae_hito_row, nicolae_hito_row, nicolae_hito_row,
          nicolae_hito_row, nicolae_hito_row, nicolae_hito_row,
          nicolae_hito_row, nicolae_hito_row, nicolae_hito_row,
          nicolae_hito_row], layout_long_grid, nicolae_ashenzari_skybound,
          serial_shops, nicolae_shop_window_shopping
D:15:     grunt_enter_depths_giant_problem, layout_basic, kennysheep_crisscross,
          serial_shops, bzr_entry_safe, uniq_azrael, uniq_nessos
Temple:   nicolae_temple_superstar
Lair:1:   layout_cellular_growth, pond
Lair:2:   nzn_winding_woodlands_small [nzn_winding_woodlands_5x15_default,
          nzn_winding_woodlands_center_pierced_h,
          nzn_winding_woodlands_5x15_cabin], layout_gridlike,
          lightli_volcano_entry_magma_tube, lemuel_fruit_fields
Lair:3:   layout_roguey, nicolae_shoals_entry_roost,
          nicolae_spider_entry_non_spiders, chequers_serial_rivers_large_b,
          nicolae_lair_lindhole, serial_bayou_shore_a, uniq_josephine,
          uniq_fannar
Lair:4:   layout_gridlike, minivault_27, lemuel_centaur_altar
Lair:5:   minmay_lair_end_enchanted_forest, layout_layer_cave,
          nicolae_slime_entry_slimehenge, infiniplex_staircase_pool
Shoals:1: argonaut_golden_fleece, layout_shoals,
          nicolae_shoals_abyss_on_the_beach, uniq_nikola, uniq_roxanne
Orc:1:    layout_caves, special_room [special_room_bee], uniq_erolcha
Orc:2:    kennysheep_orc_mage_school, layout_caves, portal_ice_cave_entry_imps,
          nicolae_shop_self_help

Skill      XL: |  1  2  3  4  5  6  7  8  9 10 11 12 13 14 15 16 |
---------------+-------------------------------------------------+-----
Spellcasting   | 1 2 3 4 5 6 7 8 9 10 11 | 11.7
Dodging        | 2 3 4 5 |  5.0
Staves         | 1 2 |  2.6
Ranged Weapons | 1 2 3 4 |  4.0
Evocations     | 1 2 4 6 7 9 |  9.0
Ice Magic      | 2 4 6 7 8 |  8.0
Conjurations   | 1 3 5 6 8 10 12 | 12.0
Alchemy        | 1 3 5 |  5.3
Air Magic      | 1 3 5 6 7 |  7.3
Armour         | 1 3 5 6 |  6.0
Fighting       | 4 6 7 8 |  8.0
Maces & Flails | 3 6 7 |  7.7
Fire Magic     | 7 9 |  9.8
Shields        | 7 9 |  9.1
Stealth        | |  6.0

Action                     |  1- 3 |  4- 6 |  7- 9 | 10-12 | 13-15 | 16-18 || total
---------------------------+-------+-------+-------+-------+-------+-------++-------
  Melee: Mace              |    55 |       |       |       |       |       ||    55
         Whip              |    47 |    86 |     2 |       |       |       ||   135
         Punch             |     2 |       |     3 |     3 |     2 |       ||    10
         Quarterstaff      |       |    42 |   165 |   181 |   146 |    73 ||   607
         War axe           |       |       |       |    15 |    37 |    57 ||   109
         Morningstar       |       |       |       |       |     4 |       ||     4
   Fire: Sling             |       |    44 |    31 |       |       |       ||    75
         Shortbow          |       |       |    83 |   192 |   388 |   188 ||   851
  Throw: Javelin           |       |     5 |       |     1 |       |       ||     6
         Dart              |       |       |    13 |     3 |     4 |     1 ||    21
   Cast: Mephitic Cloud    |       |       |    11 |    25 |    14 |       ||    50
         Freezing Cloud    |       |       |       |    56 |   210 |    74 ||   340
         Plasma Beam       |       |       |       |       |       |   106 ||   106
Ability: Shaft Self        |       |       |     1 |     3 |       |     1 ||     5
         Dig               |       |       |     3 |     1 |     1 |     7 ||    12
         Evoke Invisibilit |       |       |       |       |       |     1 ||     1
  Evoke: Wand              |       |       |     1 |     1 |    12 |     1 ||    15
    Use: Scroll            |     1 |       |     8 |     8 |     6 |       ||    23
         Potion            |       |     4 |     2 |     4 |     3 |       ||    13
   Stab: Sleeping          |     8 |     6 |     5 |       |     1 |     1 ||    21
         Confused          |       |       |       |    10 |     3 |       ||    13
 Armour: Leather armour    |    76 |    66 |   133 |    41 |       |       ||   316
         Steam dragon scal |       |       |       |   136 |   217 |   157 ||   510
  Dodge: Dodged            |    79 |    67 |   126 |   174 |   193 |   124 ||   763
  Block: Buckler           |       |       |       |       |    34 |    78 ||   112

Table legend: (Time is in decaauts)
 A = Elapsed time spent in this place.
 B = Non-inter-level travel time spent in this place.
 C = Inter-level travel time spent in this place.
 D = Time resting spent in this place.
 E = Time spent auto-exploring this place.
 F = Levels seen in this place.
 G = Mean time per level.
                   A        B        C        D        E       F      G
               +--------+--------+--------+--------+--------+-----+--------+
         Total |  32209 |  30680 |   1529 |  11220 |  10732 |  27 | 1192.9 |
       Dungeon |  16871 |  15989 |    882 |   5252 |   6078 |  15 | 1124.7 |
        Temple |    197 |    142 |     55 |    141 |      0 |   1 |  197.0 |
          Lair |   8864 |   8451 |    413 |   2620 |   3752 |   5 | 1772.8 |
        Shoals |     26 |     25 |      1 |      0 |      0 |   1 |   26.0 |
  Orcish Mines |   3259 |   3082 |    177 |   1562 |    608 |   2 | 1629.5 |
        Bazaar |     39 |     39 |      0 |      0 |      0 |   1 |   39.0 |
      Ice Cave |   2305 |   2305 |      0 |   1519 |    187 |   1 | 2305.0 |
       Volcano |    644 |    644 |      0 |    125 |    107 |   1 |  644.0 |
               +--------+--------+--------+--------+--------+-----+--------+

Top non-repeatable levels by time:
     D:7: 2645 daAuts
    D:11: 2608 daAuts
  Lair:5: 2496 daAuts
   IceCv: 2305 daAuts
   Orc:2: 2070 daAuts
  Lair:3: 1960 daAuts
     D:9: 1752 daAuts
  Lair:1: 1706 daAuts
    D:10: 1672 daAuts
  Lair:2: 1479 daAuts
     D:2: 1255 daAuts
     D:4: 1248 daAuts
  Lair:4: 1221 daAuts
   Orc:1: 1189 daAuts
     D:8: 1113 daAuts
